 Dungeon Crawl Stone Soup version 0.29.0-4-gdea44cf6ec (webtiles) character file.

Game seed: 7351460028107721638

77 qw the Chopper (level 4, -3/26 HPs)
             Began as a Tengu Warper on Aug 28, 2022.
             Slain by Terence
             ... wielding a +0 flail
              (4 damage)
             ... on level 3 of the Dungeon.
             The game lasted 00:00:11 (2348 turns).

qw the Chopper (Tengu Warper)                       Turns: 2348, Time: 00:00:12

Health: -3/26      AC:  8    Str: 13    XL:     4   Next: 34%
Magic:  8/8        EV:  6    Int: 13    God:
Gold:   76         SH:  0    Dex: 14    Spells: 7/7 levels left

rFire   . . .      SeeInvis .   Y - +1 hand axe
rCold   . . .      Faith    .   (no shield)
rNeg    + . .      Spirit   .   q - +0 chain mail
rPois   .          Reflect  .   (helmet restricted)
rElec   .          Harm     .   (no cloak)
rCorr   .          Rampage  .   (no gloves)
Will    .....                   (boots unavailable)
Stlth   ..........              (no amulet)
HPRegen 0.08/turn               s - ring of positive energy
MPRegen 0.11/turn               (no ring)

@: about to teleport
A: beak, talons 3
a: no special abilities


You were on level 3 of the Dungeon.
You visited 1 branch of the dungeon, and saw 3 of its levels.

You collected 76 gold pieces.


Innate Abilities, Weirdness & Mutations

You have a beak for a mouth.
You have claws for feet.


   Skills:
 - Level 2.0 Fighting
 + Level 4.9 Axes
 - Level 1.0 Throwing
 - Level 1.1 Armour
 - Level 2.1 Dodging
 - Level 2.0 Spellcasting
 - Level 2.4 Translocations


You had 7 spell levels left.
You didn't know any spells.
Your spell library contained the following spells:

 Spells                   Type           Power      Damage    Failure   Level
 Blink                    Tloc           14%        N/A       99%         2
 Gell's Gravitas          Tloc           7%         N/A       100%        3
 Lesser Beckoning         Tloc           7%         N/A       100%        3
 Teleport Other           Tloc           7%         N/A       100%        3
 Manifold Assault         Tloc           7%         N/A       100%        5

Inventory:

Hand Weapons
 c - a +0 whip
 Y - a +1 hand axe (weapon)
Missiles
 p - 6 boomerangs (quivered)
Armour
 q - a +0 chain mail (worn)
Jewellery
 m - a ring of ice
 s - a ring of positive energy (left hand)
Scrolls
 h - 3 scrolls of enchant armour
 o - a scroll of teleportation
Potions
 b - a potion of heal wounds {unknown}
 d - a potion of degeneration {unknown}
 e - a potion of berserk rage {unknown}
 f - 2 potions of mutation {unknown}
 i - 2 potions of curing
 j - a potion of cancellation {unknown}
 k - a potion of brilliance {unknown}
 n - a potion of resistance

Dungeon Overview and Level Annotations

Branches:
Dungeon (3/15)

Altars:
Vehumet

Shops:
D:1 [

Annotations:
D:3 Terence


Message History

Press: ? - help, Q - select action Shift-Dir - straight line, f - Terence You throw a boomerang.
The boomerang closely misses Terence.
Throw: 6 boomerangs
Press: ? - help, Q - select action Shift-Dir - straight line, f/p - Terence You throw a boomerang.
The boomerang hits Terence but does no damage.
2339 ||| Stepping ~*~*~tactically~*~*~ (hiding).
Terence attacks as you move away! Terence closely misses you.
You completely miss Terence. Your kick misses Terence.
You peck Terence, but do no damage.
Your resistance to elements expires.
Terence hits you with a +0 flail!
You closely miss Terence. Your kick misses Terence. Terence barely misses you.
You hit Terence but do no damage. You claw Terence, but do no damage.
Terence barely misses you.
You closely miss Terence. Your kick misses Terence.
Terence completely misses you.
You hit Terence but do no damage. You claw Terence, but do no damage.
Terence hits you with a +0 flail.
You hit Terence.
Terence is lightly wounded.
Terence hits you but does no damage.
You hit Terence. You claw Terence.
Terence is heavily wounded.
You completely miss the dart slug. Terence hits you with a +0 flail!
The dart slug launches a dart at you. The slug dart hits you.
2347 ||| READING 2 scrolls of teleportation.
As you read the scroll of teleportation, it crumbles to dust.
You feel strangely unstable. Terence hits you but does no damage.
The dart slug launches a dart at you.
The slug dart hits you but does no damage.
You barely miss Terence. Your kick misses Terence. Your peck misses Terence.
Terence is heavily wounded.
You hit the dart slug. Terence hits you with a +0 flail.
You die...

#>.# #.#<..#..
...##.#%#.#.#
........#.# .
##.#....#.###### ..$
#.............+
.....###...##...######
....w......######
.....###@w.# w.. #@..#
. #...# #...# #...#
#####


You could see Terence and a dart slug.

Vanquished Creatures
  3 adders
  A dart slug (D:1)
  8 endoplasms
  A giant cockroach (D:1)
  4 hobgoblins
  6 kobolds
  2 quokkas (D:2)
  3 ball pythons
  5 bats
  2 frilled lizards
  7 goblins
  4 rats
46 creatures vanquished.

Notes
Turn   | Place    | Note
-------+----------+-------------------------------------------
     0 | D:1      | qw the Tengu Warper began the quest for the Orb.
     0 | D:1      | Reached XP level 1. HP: 12/12 MP: 4/4
     0 | D:1      | 0 ||| qw: Version: 0.1-a-89-g26bdef1
     0 | D:1      | 0 ||| qw: Game counter: 3303
     0 | D:1      | 0 ||| qw: Always use a shield: true
     0 | D:1      | 0 ||| qw: God list: Okawaru
     0 | D:1      | 0 ||| qw: Allow faded altars: false
     0 | D:1      | 0 ||| qw: Do Orc after D:15 true
     0 | D:1      | 0 ||| qw: Do second Lair branch before Depths: true
     0 | D:1      | 0 ||| qw: Lair rune preference: random
     0 | D:1      | 0 ||| qw: Plans: Normal
     0 | D:1      | 0 ||| PLANNING D:1-11
    21 | D:1      | 21 ||| Stepping ~*~*~tactically~*~*~ (stealth).
    75 | D:1      | Found Deradd's Antique Armour Shoppe.
    91 | D:1      | 91 ||| SHOPLISTING plate armour (506 gold, have 14).
    91 | D:1      | 91 ||| SHOPLISTING ring mail (88 gold, have 14).
    91 | D:1      | 91 ||| SHOPLISTING runed scale mail (154 gold, have 14).
   123 | D:1      | Reached skill level 3 in Axes
   123 | D:1      | Reached XP level 2. HP: 17/17 MP: 6/6
   368 | D:1      | 368 ||| Stepping ~*~*~tactically~*~*~ (hiding).
   369 | D:1      | 369 ||| Stepping ~*~*~tactically~*~*~ (hiding).
   379 | D:1      | HP: 3/17 [frozen (5)]
   380 | D:1      | HP: 1/17 [dart slug/slug dart (2)]
   383 | D:1      | Reached XP level 3. HP: 1/21 MP: 7/7
  1037 | D:1      | Found a faded altar of an unknown god.
  1156 | D:1      | 1156 ||| UPGRADING to +0 ring mail.
  1166 | D:1      | 1166 ||| DROPPING +0 leather armour.
  1167 | D:1      | 1167 ||| READING scroll labelled MIRCHY QYEROAKO.
  1172 | D:1      | 1172 ||| READING 4 scrolls labelled PUAGOO COUTINAOFOA.
  1173 | D:1      | 1173 ||| DRINKING 3 lumpy inky potions.
  1174 | D:1      | 1174 ||| DROPPING scroll of blinking.
  1205 | D:2      | 1205 ||| STAIRDANCE
  1213 | D:1      | Reached skill level 4 in Axes
  1405 | D:2      | 1405 ||| STAIRDANCE
  1626 | D:2      | Found a radiant altar of Vehumet.
  1832 | D:2      | Reached XP level 4. HP: 21/26 MP: 8/8
  2260 | D:2      | 2260 ||| UPGRADING to +0 chain mail.
  2270 | D:2      | 2270 ||| DROPPING +0 ring mail.
  2271 | D:2      | 2271 ||| DROPPING ring of flight.
  2272 | D:2      | 2272 ||| UPGRADING to ring of positive energy.
  2273 | D:2      | 2273 ||| READING scroll labelled UTHY UGUCEENT.
  2274 | D:2      | 2274 ||| READING scroll labelled OLYANE YLY QOY.
  2275 | D:2      | 2275 ||| DRINKING 2 red potions.
  2309 | D:3      | 2309 ||| STAIRDANCE
  2333 | D:3      | Noticed Terence
  2334 | D:3      | 2334 ||| Stepping ~*~*~tactically~*~*~ (hiding).
  2339 | D:3      | 2339 ||| Stepping ~*~*~tactically~*~*~ (hiding).
  2346 | D:3      | HP: 6/26 [Terence/+0 flail (7)]
  2346 | D:3      | HP: 1/26 [dart slug/slug dart (5)]
  2347 | D:3      | 2347 ||| READING 2 scrolls of teleportation.
  2348 | D:3      | Slain by Terence

Levels and vault maps discovered:
D:1:      shiori_arrival_elements, layout_basic,
          shapermc_ecumenical_altar_mp_vishouse, serial_shops, shop, st_stairs_5
D:2:      layout_basic, basic_altar, grunt_decor_arrowhead,
          minmay_split_cup_small
D:3:      layout_basic, chequers_serial_rivers_micro_e, uniq_terence,
          uniq_sigmund, uniq_ijyb

Skill      XL: |  1  2  3 |
---------------+----------+-----
Axes           | 3 4 |  4.9
Fighting       | |  2.0
Throwing       | |  1.0
Armour         | |  1.1
Dodging        | |  2.1
Spellcasting   | |  2.0
Translocations | |  2.4

Action                   |  1- 3 |  4- 6 || total
-------------------------+-------+-------++-------
Melee: Hand axe          |    72 |    23 ||    95
       Kick              |    18 |     5 ||    23
       Peck              |    11 |     2 ||    13
Throw: Boomerang         |    14 |    12 ||    26
  Use: Scroll            |     2 |     3 ||     5
       Potion            |     1 |     1 ||     2
Armor: Leather armour    |    11 |       ||    11
       Ring mail         |     4 |     4 ||     8
       Chain mail        |       |     6 ||     6
Dodge: Dodged            |    23 |    11 ||    34

Table legend:
 A = Non-vault XP
 B = Vault XP
 C = Vault XP percentage of total XP
 D = Non-vault monster count
 E = Vault monster count
 F = Vault count percentage of total count
                 A         B        C        D         E       F
            +---------+---------+-------+---------+---------+-------
      Total |      94 |      17 |  15.3 |      42 |       4 |   8.7
            +---------+---------+-------+---------+---------+-------
        D:1 |      51 |       2 |   3.8 |      24 |       1 |   4.0
        D:2 |      41 |      15 |  26.8 |      17 |       3 |  15.0
        D:3 |       2 |       0 |   0.0 |       1 |       0 |   0.0
            +---------+---------+-------+---------+---------+-------
